Map: Goldenaura LE

Players

IIIIIIIIIIII

  • Race: Terran Terran
  • Spawn Location: 12:00

A.I. 1 (Very Easy) - Winner!

  • Race: Protoss Protoss
  • Spawn Location: 5:00

VOD

Have the link to the VOD?

Description

Time

  • Played on: Oct. 3, 2024, 11:47 a.m.
  • Length: 9:58
Show
View Real Time Build Order
Export as new Build Order

IIIIIIIIIIII Terran 

Build Orders: Cyclone Opening 

Get SALT Encoding   

  12  0:00  SCV  
  13  0:12  SCV  
  14  0:16  Supply Depot  
  14  0:24  SCV  
  15  0:38  SCV  
  15  0:40  Barracks  
  16  0:43  Refinery  
  16  0:50  SCV  
  16  0:53  Refinery  
  17  1:02  SCV  
  18  1:14  SCV  
  19  1:28  Reaper, Orbital Command  
  19  1:29  Supply Depot  
  20  1:42  Factory  
  20  1:54  SCV  
  21  2:01  Barracks Reactor  
  21  2:06  SCV  
  22  2:18  SCV  
  23  2:23  Command Center  
  23  2:30  Cyclone  
  25  2:37  Starport  
  25  2:40  Marine  
  25  2:43  Marine  
  27  2:45  SCV  
  27  2:50  Supply Depot  
  28  2:57  SCV  
  28  2:58  Marine  
  30  3:01  Marine  
  31  3:12  Cyclone  
  34  3:15  Marine, Medivac  
  34  3:19  Marine  
  37  3:23  SCV  
  38  3:33  Marine  
  39  3:35  SCV, Orbital Command  
  39  3:36  Marine  
  41  3:45  Factory Tech Lab, Starport Tech Lab  
  41  3:47  SCV  
  42  3:51  Marine  
  42  3:54  Marine  
  44  3:59  SCV, Supply Depot  
  44  4:01  SCV  
  46  4:06  Banshee  
  46  4:08  Cloaking Field  
  49  4:13  Marine x2  
  49  4:14  SCV  
  49  4:16  SCV  
  53  4:21  Supply Depot  
  53  4:25  Siege Tank  
  53  4:29  SCV x2  
  58  4:31  Marine x2  
  58  4:35  Refinery  
  58  4:41  SCV  
  58  4:43  SCV  
  60  4:49  Banshee, Supply Depot  
  60  4:52  Marine x2  
  65  4:53  SCV  
  65  4:57  Barracks  
  65  4:58  SCV  
  67  5:03  Siege Tank  
  70  5:11  SCV x2  
  70  5:12  Marine  
  70  5:13  Supply Depot  
  70  5:14  Marine  
  73  5:19  Supply Depot  
  74  5:21  Refinery  
  74  5:23  SCV  
  74  5:25  SCV  
  76  5:32  Engineering Bay  
  76  5:35  SCV  
  77  5:37  SCV  
  77  5:38  Starport Reactor  
  77  5:41  Supply Depot  
  77  5:42  Supply Depot  
  78  5:44  Widow Mine x2  
  78  5:47  SCV  
  78  5:48  Stimpack  
  78  5:49  SCV  
  84  5:52  Barracks  
  84  5:54  Marine  
  84  5:56  Marine  
  86  5:58  Combat Shield  
  86  6:02  Terran Infantry Weapons Level 1  
  86  6:04  SCV x2  
  86  6:09  Widow Mine  
  86  6:10  Widow Mine  
  92  6:14  Marine  
  92  6:15  Marine  
  92  6:16  SCV, Medivac  
  97  6:20  Medivac  
  97  6:24  Supply Depot  
  99  6:27  Supply Depot  
  99  6:32  Marine  
  102  6:33  Marine, Widow Mine  
  102  6:34  Widow Mine  
  102  6:35  SCV  
  106  6:42  Barracks Reactor  
  106  6:45  SCV  
  107  6:50  Command Center  
  107  6:52  Marine x2  
  109  6:54  Widow Mine  
  109  6:58  Supply Depot  
  109  7:01  Supply Depot  
  111  7:13  SCV  
  111  7:14  Engineering Bay, Armory  
  114  7:17  Widow Mine  
  114  7:18  Marine x2  
  114  7:20  Marine, Widow Mine  
  114  7:21  Marine  
  120  7:24  Supply Depot  
  120  7:25  Medivac  
  120  7:27  Medivac  
  124  7:35  Supply Depot x2  
  124  7:38  SCV  
  124  7:39  SCV  
  124  7:40  Marine x2  
  124  7:41  Marine x2  
  124  7:43  Widow Mine  
  132  7:45  Terran Infantry Armor Level 1  
  132  7:50  SCV, Widow Mine  
  135  7:55  Medivac  
  137  7:59  Marine x2  
  139  8:05  Marine  
  139  8:06  Marine  
  139  8:10  SCV  
  142  8:13  SCV  
  142  8:16  Marine x2  
  145  8:20  Ghost Academy  
  145  8:22  Orbital Command  
  145  8:23  Marine  
  145  8:26  Marine  
  149  8:27  Widow Mine  
  149  8:28  Sensor Tower  
  149  8:29  Widow Mine  
  149  8:32  Medivac  
  153  8:34  SCV  
  153  8:36  Medivac  
  153  8:37  Marine  
  153  8:38  Marine  
  158  8:42  Marine  
  158  8:44  Marine  
  160  8:48  SCV  
  160  8:49  SCV  
  160  8:50  SCV  
  160  8:51  Barracks  
  160  8:52  Barracks  
  160  8:54  Supply Depot  
  163  8:57  Marine  
  163  8:58  Marine  
  163  9:00  SCV, Widow Mine  
  163  9:01  Marine, Widow Mine  
  163  9:02  SCV  
  172  9:03  SCV  
  172  9:04  Concussive Shells  
  172  9:08  Supply Depot  
  173  9:10  Marine  
  173  9:12  SCV  
  173  9:14  Medivac x2  
  173  9:15  Marine x2  
  181  9:18  Bunker  
  181  9:19  Marine  
  181  9:22  Command Center  
  182  9:25  Widow Mine x2  
  186  9:35  Refinery  
  186  9:36  SCV x3  
  186  9:37  Refinery  
  189  9:39  Barracks Reactor  
  189  9:40  Barracks Tech Lab  
  189  9:41  Barracks Tech Lab  
Show
View Real Time Build Order
Export as new Build Order

A.I. 1 (Very Easy) Protoss - Winner!

Build Orders: 1 Gate Expand, Nexus First 

Get SALT Encoding   

  12  0:00  Probe  
  13  0:13  Probe  
  14  0:20  Pylon  
  14  0:42  Gateway  
  14  1:01  Nexus  
  14  1:20  Pylon  
  14  1:22  Zealot  
  14  1:24  Assimilator  
  16  1:37  Cybernetics Core  
  16  1:39  Probe  
  17  1:51  Probe  
  18  2:00  Probe  
  18  2:01  Assimilator  
  18  2:08  Probe  
  18  2:15  Probe  
  20  2:16  Stalker  
  20  2:17  Warp Gate  
  23  2:25  Probe  
  23  2:28  Probe  
  25  2:40  Probe  
  26  2:51  Probe  
  26  2:52  Assimilator  
  26  2:54  Pylon  
  27  2:59  Probe  
  28  3:06  Probe  
  28  3:09  Probe  
  30  3:20  Probe, Robotics Facility  
  30  3:26  Probe  
  31  3:32  Adept  
  34  3:34  Probe  
  35  3:42  Probe  
  35  3:49  Probe  
  36  3:56  Probe  
  37  4:03  Probe, Observer  
  38  4:10  Probe  
  38  4:15  Observer  
  39  4:17  Assimilator  
  39  4:18  Probe  
  39  4:21  Probe  
  41  4:27  Stalker  
  41  4:31  Pylon  
  44  4:32  Probe  
  39  4:39  Probe  
  34  4:47  Probe  
  34  4:54  Probe  
  34  4:55  Zealot  
  37  5:01  Probe  
  38  5:09  Probe  
  38  5:12  Probe  
  39  5:19  Probe  
  40  5:24  Immortal  
  40  5:26  Probe  
  45  5:34  Probe  
  47  5:45  Probe  
  48  5:53  Stalker  
  50  7:09  Adept  
  52  8:25  Sentry  
Tags
 
Add a new tag
Caveats
  • Supply blocks, unpowered buildings, or Contaminate may cause inaccurate times.
  • Supply counts are checked every 10 seconds.